 Dungeon Crawl Stone Soup version 0.19.5 (webtiles) character file.

345 Lizzreth the Chopper (level 6, -4/47 HPs)
             Began as a Demonspawn Fighter on Mar 15, 2017.
             Killed from afar by an orc wizard (6 damage)
             ... with a magic dart
             ... on level 5 of the Dungeon.
             The game lasted 00:08:56 (2203 turns).

Lizzreth the Chopper (Demonspawn Fighter)           Turns: 2203, Time: 00:08:57

Health: -4/47      AC:  8    Str: 21    XL:     6   Next: 32%
Magic:  6/6        EV:  8    Int:  9    God:
Gold:   159        SH:  9    Dex: 13    Spells: 0 memorised, 5 levels left

rFire  . . .     SeeInvis .     a - +0 war axe
rCold  . . .     Gourm    .     p - +0 ring mail (curse)
rNeg   . . .     Faith    .     c - +0 shield
rPois  .         Spirit   .     (helmet restricted)
rElec  .         Reflect  .     (no cloak)
rCorr  .         Harm     .     (no gloves)
MR     .....                    o - +0 pair of boots
Stlth  +.........               (no amulet)
                                (no ring)
                                n - +3 ring of strength

@: no status effects
A: horns 1, molten scales 1
a: no special abilities


You were on level 5 of the Dungeon.
You were not hungry.

You visited 1 branch of the dungeon, and saw 4 of its levels.

You collected 159 gold pieces.

Inventory:

Hand Weapons
 a - a +0 war axe (weapon)
Armour
 b - a +0 scale mail
 c - a +0 shield (worn)
 o - a +0 pair of boots (worn)
 p - a cursed +0 ring mail (worn)
Jewellery
 n - a +3 ring of strength (left hand)
Scrolls
 g - a scroll of fear {unknown}
 h - 3 scrolls of remove curse {unknown}
 j - a scroll of recharging {unknown}
 k - a scroll of fog {unknown}
 l - 2 scrolls of identify {unknown}
 q - a scroll of enchant weapon {unknown}
 r - 2 scrolls of noise {unknown}
 s - a scroll of magic mapping {unknown}
Potions
 e - 4 potions of agility {unknown}
 i - a potion of ambrosia {unknown}
 m - 2 potions of curing {unknown}
 u - a potion of heal wounds {unknown}
 v - a potion of cancellation {unknown}
Comestibles
 d - a beef jerky
 f - a bread ration
 t - a meat ration


   Skills:
 - Level 3.0 Fighting
 + Level 6.2 Axes
 - Level 2.6 Armour
 - Level 2.6 Shields


You had 5 spell levels left.
You didn't know any spells.

Dungeon Overview and Level Annotations

Branches:
Dungeon (3/15)

Altars:
Dithmenos
Xom


Innate Abilities, Weirdness & Mutations

You have a pair of small horns on your head.
You are partially covered in molten scales. (AC +2)


Message History

You hear some strange, mumbled words.
Something hits you.
* * * LOW HITPOINT WARNING * * *
Unknown command.
You closely miss something. You barely miss something.
You hear some strange, mumbled words.
A magic dart appears from out of thin air!
The magic dart hits you!
* * * LOW HITPOINT WARNING * * *
Something hits you but does no damage. You block something's attack.
Something hits you but does no damage.
You miss something. x2
You hear some strange, mumbled words.
A puff of flame appears from out of thin air!
The puff of flame hits you!
* * * LOW HITPOINT WARNING * * *
You hear some strange, mumbled words.
A magic dart appears from out of thin air!
The magic dart hits you!
You die...

#.......##...##
##(......##....#
...............#
...............#
...............#
............†..#
...............#
.........##...##
#.....@{##...#
#######{##....#
.o.......+...>+
.o.......#....#
..{.....#######
.o......#
.>......#
........#
.......!#


There were no monsters in sight!

Vanquished Creatures
  Sigmund (D:3)
  2 orc wizards
  7 adders
  A worm (D:2)
  3 dart slugs
  A leopard gecko (D:2)
  5 orcs
  4 giant cockroaches
  15 goblins
  2 hobgoblins (D:1)
  4 jackals
  2 bats
  3 frilled lizards
  4 kobolds
  5 rats
59 creatures vanquished.

Notes
Turn   | Place    | Note
-------+----------+-------------------------------------------
     0 | D:1      | Lizzreth the Demonspawn Fighter began the quest for the Orb.
     0 | D:1      | Reached XP level 1. HP: 18/18 MP: 1/1
    27 | D:1      | Reached skill level 2 in Axes
   100 | D:1      | Gained mutation: You have a pair of small horns on your head. [demonic ancestry]
   100 | D:1      | Reached XP level 2. HP: 23/24 MP: 2/2
   438 | D:1      | Reached skill level 3 in Axes
   735 | D:2      | Gained mutation: You are partially covered in molten scales. (AC +2) [demonic ancestry]
   735 | D:2      | Reached XP level 3. HP: 29/29 MP: 3/3
   818 | D:2      | Found a faded altar of an unknown god.
   822 | D:2      | Found a shadowy altar of Dithmenos.
  1057 | D:2      | Reached XP level 4. HP: 34/35 MP: 4/4
  1191 | D:2      | Reached skill level 4 in Axes
  1374 | D:2      | Found a shimmering altar of Xom.
  1700 | D:3      | Noticed Sigmund
  1719 | D:3      | Killed Sigmund
  1719 | D:3      | Reached skill level 5 in Axes
  1719 | D:3      | Reached XP level 5. HP: 19/41 MP: 5/5
  1999 | D:3      | Reached XP level 6. HP: 42/47 MP: 6/6
  2037 | D:3      | Reached skill level 6 in Axes
  2171 | D:3      | You fall through a shaft for 2 floors!
  2171 | D:5      | Entered Level 5 of the Dungeon
  2203 | D:5      | HP: 2/47 [something/puff of flame (7)]
  2203 | D:5      | Killed from afar by an orc wizard

Skill      XL: |  1  2  3  4  5  6 |
---------------+-------------------+-----
Axes           | 2 3 5 6 |  6.2
Fighting       | |  3.0
Armour         | |  2.6
Shields        | |  2.6

Action                   |  1- 3 |  4- 6 || total
-------------------------+-------+-------++-------
Melee: War axe           |    84 |    94 ||   178
       Headbutt          |    13 |    24 ||    37
  Use: Potion            |       |     1 ||     1
  Eat: Chunk             |       |     4 ||     4
Armor: Scale mail        |    30 |       ||    30
       Ring mail         |     1 |    42 ||    43
Dodge: Dodged            |    27 |    34 ||    61
Block: Shield            |    38 |    43 ||    81
